 Dungeon Crawl Stone Soup version 0.31-a0-1327-g8c40ea976f (webtiles) character file.

Game seed: 7420430929128350907

32 GreatBamboolord the Apothecary (level 3, 0/26 HPs)
             Began as an Armataur Alchemist on Dec 21, 2023.
             Slain by an adder (4 damage)
             ... on level 1 of the Dungeon.
             The game lasted 00:01:49 (888 turns).

GreatBamboolord the Apothecary (Armataur Alchemist)  Turns: 888, Time: 00:01:49

Health: 0/26       AC:  4    Str: 13    XL:     3   Next: 10%
Magic:  1/6        EV:  9    Int: 17    God:
Gold:   59         SH:  0    Dex: 10    Spells: 5/6 levels left

rFire   . . .        h - +0 dagger
rCold   . . .        (no shield)
rNeg    . . .        a - +0 robe
rPois   .            (no helmet)
rElec   .            (no cloak)
rCorr   .            (no gloves)
SInv    .            (no barding)
Will    .....        (no amulet)
Stlth   ++           (no ring)
HPRegen 0.24/turn    (no ring)
MPRegen 0.10/turn

%: roll
@: very slightly contaminated
A: large, deformed body, tough skin 3, armoured tail, roll 1
a: no special abilities


You were on level 1 of the Dungeon.
You visited 1 branch of the dungeon, and saw 2 of its levels.

You collected 59 gold pieces.

Inventory:

Hand Weapons
 h - a +0 dagger (weapon)
Armour
 a - a +0 robe (worn)
 e - a +0 leather armour
Scrolls
 c - a scroll of brand weapon {unknown}
 d - 3 scrolls of identify {unknown}
 i - a scroll of vulnerability {unknown}
 j - a scroll of poison {unknown}
 k - a scroll of teleportation {unknown}
 l - a scroll of blinking {unknown}
Potions
 b - 2 potions of magic
 f - a potion of curing {unknown}
 g - a potion of mutation {unknown}


   Skills:
 + Level 1.0 Armour
 + Level 1.5 Dodging
 * Level 2.5 Stealth
 * Level 2.0 Spellcasting
 * Level 1.1 Conjurations
 * Level 1.0 Air Magic
 * Level 2.9 Alchemy


You had 5 spell levels left.
You knew the following spells:

 Your Spells              Type           Power      Damage    Failure   Level
a - Sting                 Conj/Alch      32%        1d5       9%          1

Your spell library contained the following spells:

 Spells                   Type           Power      Damage    Failure   Level
 Mercury Vapours          Alch/Air       16%        N/A       13%         2
 Mephitic Cloud           Conj/Alch/Air  7%         N/A       28%         3
 Olgreb's Toxic Radiance  Alch           11%        N/A       50%         4
 Sticky Flame             Fire/Alch      6%         2d4       71%         4


Dungeon Overview and Level Annotations

Branches:
Dungeon (2/15)

Altars:


Innate Abilities, Weirdness & Mutations

Armour fits poorly on your strangely shaped body.
You have extremely tough skin. (AC +3)
You have a long armoured tail.
You regenerate magic when rolling toward enemies. (Rampage MPRegen)


Message History

The adder bites you but does no damage.
You climb upwards.
There is a stone staircase leading down here.
Aiming: Sting (safe; 9% risk of failure)
Press: ? - help, Q - select action Shift-Dir - straight line, f - adder
Aim: an adder (48% to hit)
The sting hits the adder.
The adder is poisoned.
The adder is moderately wounded.
The adder bites you.
You are poisoned.
The adder poisons you!
Aiming: Sting (safe; 9% risk of failure)
Press: ? - help, Q - select action Shift-Dir - straight line, f/p - adder
Aim: an adder (moderately wounded, poisoned, 48% to hit)
The sting misses the adder.
You feel sick. The adder bites you but does no damage.
The adder barely misses you.
Aiming: Sting (safe; 9% risk of failure)
Press: ? - help, Q - select action Shift-Dir - straight line, f/p - adder
Aim: an adder (moderately wounded, poisoned, 48% to hit)
The sting misses the adder.
You feel sick. The adder bites you but does no damage.
Unknown command.
Aiming: Sting (safe; 9% risk of failure)
Press: ? - help, Q - select action Shift-Dir - straight line, f/p - adder
Aim: an adder (moderately wounded, poisoned, 48% to hit)
The sting hits the adder.
The adder looks even sicker.
The adder is severely wounded.
You feel sick. The adder bites you.
* * * LOW HITPOINT WARNING * * *
Aiming: Sting (safe; 9% risk of failure)
Press: ? - help, Q - select action Shift-Dir - straight line, f/p - adder
Aim: an adder (almost dead, very poisoned, 48% to hit)
You miscast Sting.
You are very lightly contaminated with residual magic.
Nothing appears to happen.
You feel sick.
You are no longer poisoned.
The adder bites you.
You die...

#.###.#### #.# #.....##....# #.#
#.# #.# #.....##....# #.# #.#
#.###...........##
#.###.######.......#....#...#
..†.........................#
............####............#
#)..................#.##....#
#........#..####...##.#######
#...........####@S.##.#
##.............###############
...........#####.............####
##....)..###.......#######.......
##.##..##......###.......###....
###.##..#....###......<......###.
.......##...#......#######......#
.###.###...#.....### ###.....
..##.# #...#....## ##....


You could see an adder (very poisoned).

Vanquished Creatures
  An adder (D:2)
  5 ball pythons
  2 bats
  3 endoplasms
  2 giant cockroaches
  2 quokkas (D:1)
  A frilled lizard (D:1)
  4 goblins (D:1)
  A rat (D:1)
21 creatures vanquished.

Notes
Turn   | Place    | Note
-------+----------+-------------------------------------------
     0 | D:1      | GreatBamboolord the Armataur Alchemist began the quest for
                  | the Orb.
     0 | D:1      | Reached XP level 1. HP: 14/14 MP: 3/3
   166 | D:1      | Reached skill level 1 in Conjurations
   203 | D:1      | Reached XP level 2. HP: 20/20 MP: 0/4
   754 | D:2      | Reached skill level 1 in Air Magic
   862 | D:2      | Reached skill level 1 in Armour
   862 | D:2      | Reached XP level 3. HP: 14/26 MP: 0/6
   888 | D:1      | Slain by an adder

Illustrated notes

Levels and vault maps discovered:
D:1:      dpeg_arrival_oval, layout_loops_ring, minmay_misc_feat_columns,
          skrybe_limestone_x
D:2:      layout_rooms, uniq_crazy_yiuf_cottage

Skill      XL: |  1  2 |
---------------+-------+-----
Conjurations   | 1 |  1.1
Air Magic      | 1 |  1.0
Armour         | 1 |  1.0
Spellcasting   | 2 |  2.0
Dodging        | |  1.5
Stealth        | |  2.5
Alchemy        | |  2.9

Action                     || total
---------------------------++-------
  Melee: Dagger            ||     5
   Cast: Sting             ||    48
   Stab: Sleeping          ||     2
 Armour: Robe              ||    28
  Dodge: Dodged            ||    15

Table legend: (Time is in decaauts)
 A = Elapsed time spent in this place.
 B = Non-inter-level travel time spent in this place.
 C = Inter-level travel time spent in this place.
 D = Time resting spent in this place.
 E = Time spent auto-exploring this place.
 F = Levels seen in this place.
 G = Mean time per level.
                   A        B        C        D        E       F      G
               +--------+--------+--------+--------+--------+-----+--------+
         Total |    887 |    862 |     25 |      0 |    706 |   2 |  443.5 |
       Dungeon |    887 |    862 |     25 |      0 |    706 |   2 |  443.5 |
               +--------+--------+--------+--------+--------+-----+--------+

Top non-repeatable levels by time:
     D:1: 751 daAuts
     D:2: 136 daAuts
